 Dungeon Crawl Stone Soup version 0.19-a0-1007-g133f65f (webtiles) character file.

863 epen the Changer (level 7, -4/56 HPs)
             Began as a Grey Draconian Transmuter on July 21, 2016.
             Was a Believer of Okawaru.
             Slain by a centaur (10 damage)
             ... on level 5 of the Dungeon.
             The game lasted 00:08:05 (5400 turns).

epen the Changer (Grey Draconian Transmuter)        Turns: 5400, Time: 00:08:06

Health: -4/56      AC:  2    Str: 12    XL:     7   Next: 72%
Magic:  11/13      EV: 21    Int: 21    God:    Okawaru [**....]
Gold:   184        SH:  0    Dex: 16    Spells: 3 memorised, 8 levels left

rFire  . . .     SeeInvis .       - Unarmed
rCold  . . .     Gourm    .     (armour unavailable)
rNeg   . . .     Faith    .     (shield currently unavailable)
rPois  x         Spirit   .     (helmet currently unavailable)
rElec  .         Dismiss  .     (cloak currently unavailable)
rCorr  .         Reflect  .     (gloves currently unavailable)
SustAt .         Harm     .     (boots currently unavailable)
MR     .....                    (no amulet)
Stlth  +.........               (no ring)
                                (no ring)

@: brilliant, spider-form (expiring), flying, not resistant to hostile
enchantments, very unstealthy
A: (walk through water), unfitting armour, (unbreathing), (cold-blooded), AC +11
a: End Transformation, Heroism, Renounce Religion


You were on level 5 of the Dungeon.
You worshipped Okawaru.
Okawaru was pleased with you.
You were hungry.
You were a venomous arachnid creature.
You visited 1 branch of the dungeon, and saw 5 of its levels.
You also visited: Sewer.

You collected 184 gold pieces.

Inventory:

Missiles
 a - 34 arrows
Armour
 B - a +1 cloak (melded)
Jewellery
 p - an uncursed ring of stealth {unknown}
Wands
 y - a wand of flame (23/48)
Scrolls
 d - 6 scrolls of enchant weapon {unknown}
 g - 2 scrolls of teleportation {unknown}
 h - 3 scrolls of identify {unknown}
 j - a scroll of noise {unknown}
 k - 2 scrolls of fear {unknown}
 m - 2 scrolls of random uselessness {unknown}
 t - 2 scrolls of remove curse {unknown}
 x - a scroll of blinking {unknown}
 E - a scroll of magic mapping {unknown}
Potions
 e - 2 potions of invisibility {unknown}
 l - 2 potions of brilliance
 n - a potion of degeneration {unknown}
 o - 2 potions of flight
 q - a potion of resistance {unknown}
 s - a potion of curing {unknown}
 w - a potion of cancellation {unknown}
 z - 3 potions of heal wounds {unknown}
 A - 2 potions of agility {unknown}
 D - a potion of haste {unknown}
Books
 b - a book of Changes

   Spells                             Type                      Level
   a - Beastly Appendage              Transmutation                1
   b - Sticks to Snakes               Transmutation                2
   c - Spider Form                    Transmutation/Poison         3
   d - Ice Form                       Ice/Transmutation            4
   e - Blade Hands                    Transmutation                5
 u - a book of Fire

   Spells                             Type                      Level
   a - Ignite Poison                  Fire/Transmutation/Poison    3
   b - Fireball                       Conjuration/Fire             5
   c - Bolt of Fire                   Conjuration/Fire             6
   d - Delayed Fireball               Conjuration/Fire             7
   e - Ring of Flames                 Charms/Fire                  7
 C - a book of Flames

   Spells                             Type                      Level
   a - Flame Tongue                   Conjuration/Fire             1
   b - Throw Flame                    Conjuration/Fire             2
   c - Conjure Flame                  Conjuration/Fire             3
   d - Inner Flame                    Hexes/Fire                   3
   e - Sticky Flame                   Conjuration/Fire             4
   f - Fireball                       Conjuration/Fire             5
Comestibles
 c - 3 bread rations
 f - 3 meat rations
 i - 6 fruits
 r - 2 beef jerkies
 v - a slice of pizza


   Skills:
 + Level 2.9 Fighting
 + Level 3.6 Dodging
 + Level 4.3 Unarmed Combat
 * Level 4.4 Spellcasting
 * Level 4.9 Transmutations
 + Level 2.1 Invocations


You had 8 spell levels left.
You knew the following spells:

 Your Spells              Type           Power        Failure   Level  Hunger
a - Beastly Appendage     Tmut           #####.       1%          1    None
b - Sticks to Snakes      Tmut           #####...     1%          2    #......
c - Spider Form           Tmut/Pois      ####......   4%          3    ##.....


Dungeon Overview and Level Annotations

Branches:
Dungeon (5/15)
 Temple: D:4-7

Altars:
Cheibriados
Dithmenos
Elyvilon
Fedhas
Hepliaklqana
Okawaru
Sif Muna
Uskayaw
Zin

Annotations:
D:3 grendalor's ghost, amateur NaWz


Innate Abilities, Weirdness & Mutations

((You can walk through water.))
((Your dull iron-grey scales are very hard. (AC +11)))
Your body does not fit into most forms of armour.
((You can survive without breathing.))
((You are cold-blooded and may be slowed by cold attacks.))


Message History

The centaur hits you. The quokka zombie misses you.
A hound comes into view.
You hit the centaur.
The centaur is poisoned.
The centaur is lightly wounded.
The centaur closely misses you. The quokka zombie bites you.
* * * LOW HITPOINT WARNING * * *
The centaur misses you.
You hit the centaur.
The centaur looks as sick as possible!
The centaur is lightly wounded.
The centaur hits you!
* * * LOW HITPOINT WARNING * * *
The quokka zombie completely misses you.
It was a potion of flight.
You feel very buoyant.
You fly up into the air.
The centaur misses you.
The quokka zombie bites you but does no damage.
It was a potion of brilliance.
You feel clever all of a sudden. The centaur hits you!
You die...

#.# #...#### #...... #.# #...#
###.### #.# #...# #.# ## #.###
#...# #####.# .# #...# #...#
#.....# .#
##.#.#######...######.###.#
.####.#..##.............#.###.###
.†...###...............(.........
.####.#.###...((s.......#...#>##.
.# #....# ######Zc.######.....##.
.# #.#### #h..# #.....##. ## #.#
#...# ##.##.##. #.# #...#
#....... #.# #...# ####.### #.#
..... #.### #.# ##..#. #....
####.# #####


You could see a centaur, a hound and a quokka zombie.

Vanquished Creatures
  Purgy (Sewer)
  A sky beast (D:5)
  A phantom (D:5)
  2 scorpions
  A crimson imp (D:5)
  An orc priest (D:3)
  A centaur skeleton (D:5)
  2 hounds
  Jessica (D:3)
  An orc wizard (D:4)
  4 worker ants (D:5)
  6 adders
  2 river rats (D:4)
  6 worms
  A dart slug (D:4)
  2 giant geckos
  6 orcs
  6 giant cockroaches
  11 goblins
  11 hobgoblins
  12 jackals
  4 ball pythons
  5 bats
  4 giant newts
  8 kobolds
  A quokka skeleton (D:3)
  11 rats
112 creatures vanquished.

Notes
Turn   | Place    | Note
-------+----------+-------------------------------------------
     0 | D:1      | epen the Draconian Transmuter began the quest for the Orb.
     0 | D:1      | Reached XP level 1. HP: 16/16 MP: 3/3
   440 | D:1      | Reached XP level 2. HP: 23/23 MP: 5/5
   446 | D:1      | Learned a level 2 spell: Sticks to Snakes
  1234 | D:2      | Reached XP level 3. HP: 21/28 MP: 4/6
  1368 | D:2      | Learned a level 3 spell: Spider Form
  1602 | D:2      | Found a shadowy altar of Dithmenos.
  1602 | D:2      | Found a snail-covered altar of Cheibriados.
  1602 | D:2      | Found a glowing silver altar of Zin.
  1602 | D:2      | Found a hazy altar of Hepliaklqana.
  1609 | D:2      | Found an iron altar of Okawaru.
  1614 | D:2      | Found a hide-covered altar of Uskayaw.
  1617 | D:2      | Became a worshipper of Warmaster Okawaru
  2044 | D:2      | Reached XP level 4. HP: 31/35 MP: 3/7
  2164 | D:3      | Found a white marble altar of Elyvilon.
  2380 | D:3      | Noticed grendalor's ghost (amateur NaWz)
  2687 | D:3      | Noticed Jessica
  2695 | D:3      | Killed Jessica
  2695 | D:3      | Reached XP level 5. HP: 32/41 MP: 5/9
  3705 | D:4      | Reached * piety under Okawaru
  3705 | D:4      | Reached XP level 6. HP: 37/48 MP: 9/11
  4054 | D:4      | Found a glowing drain.
  4074 | Sewer    | Entered a sewer
  4220 | Sewer    | Noticed Purgy
  4230 | Sewer    | Killed Purgy
  4230 | Sewer    | Reached skill level 1 in Invocations
  4432 | D:4      | Found a deep blue altar of Sif Muna.
  4687 | D:5      | Entered Level 5 of the Dungeon
  4763 | D:5      | Your scales start taking on a dull iron-grey colour.
  4763 | D:5      | Reached XP level 7. HP: 32/56 MP: 7/13
  4763 | D:5      | Gained mutation: You can survive without breathing. [Grey Draconian growth]
  4837 | D:5      | Found a white marble altar of Elyvilon.
  4981 | D:5      | Found a blossoming altar of Fedhas.
  5244 | D:5      | Reached ** piety under Okawaru
  5400 | D:5      | Slain by a centaur

Vault maps used:
D:1:      saegor_arrival_under_anarchy
D:2:      minmay_overflow_temple_hex
D:3:      hangedman_feature_mirror, minmay_misc_feat_nine_boxes,
          elyvilon_altar_5, uniq_jessica
D:4:      portal_sewer_entry_e, first_bread, led_sif_pool
D:5:      old_standard_altar, fedhas_altar_2
Sewer:    kennysheep_door_sewer

Skill      XL: |  1  2  3  4  5  6  7 |
---------------+----------------------+-----
Dodging        | 2 3 |  3.6
Transmutations | 3 4 |  4.9
Spellcasting   | 3 4 |  4.4
Fighting       | 2 |  2.9
Unarmed Combat | 4 |  4.3
Invocations    | 1 2 |  2.1

Action                   |  1- 3 |  4- 6 |  7- 9 || total
-------------------------+-------+-------+-------++-------
Melee: Unarmed           |   165 |   286 |   103 ||   554
       Tailslap          |    14 |    24 |     6 ||    44
       Headbutt          |     2 |       |       ||     2
       Punch             |     1 |     2 |       ||     3
       Kick              |       |     4 |       ||     4
 Cast: Beastly Appendage |     1 |     1 |       ||     2
       Spider Form       |     2 |     7 |     4 ||    13
  Use: Potion            |       |       |     2 ||     2
 Stab: Sleeping          |     1 |     1 |       ||     2
  Eat: Chunk             |     4 |    10 |     3 ||    17
Armor: Skin              |    36 |    68 |    28 ||   132
Dodge: Dodged            |    98 |   192 |    83 ||   373
